 Dungeon Crawl Stone Soup version 0.21.1-1-g345015f (webtiles) character file.

54877 manyhoops the Cleaver (level 14, -12/113 HPs)
             Began as a Gnoll Wanderer on May 18, 2018.
             Was the Champion of Ashenzari.
             Mangled by a stone giant (28 damage)
             ... on level 2 of the Orcish Mines.
             The game lasted 00:36:11 (21743 turns).

manyhoops the Cleaver (Gnoll Wanderer)             Turns: 21743, Time: 00:36:12

Health: -12/113    AC: 15    Str: 26    XL:     14   Next: 74%
Magic:  27/27      EV: 15    Int: 17    God:    Ashenzari [******]
Gold:   1401       SH: 18    Dex: 12    Spells: 25/31 levels left

rFire    + . .     SeeInvis +   Y - +3 broad axe "Soraf" {flame, Str+2}
rCold    x . .     Gourm    .   a - +0 shield (curse)
rNeg     + + .     Faith    .   l - +1 ring mail {MR+}
rPois    .         Spirit   .   (no helmet)
rElec    +         Reflect  +   G - +1 cloak (curse)
rCorr    .         Harm     .   L - +0 pair of gloves
MR       +++..     Clarity  +   S - +1 pair of boots (curse)
Stlth    +++.......             I - +5 amulet of reflection (curse)
HPRegen  0.28/turn              f - ring of fire
MPRegen  0.20/turn              H - ring "Deithur" {rN++ MR+ Dex+2} (curse)

@: very slightly contaminated, invisible
A: distributed training, fangs 1, blurry vision 1, shaggy fur 1, electricity
resistance, strong 1, strong nose
a: Curse Item, Scrying, Renounce Religion


You were on level 2 of the Orcish Mines.
You worshipped Ashenzari.
Ashenzari was exalted by your worship.
You were not hungry.

You visited 3 branches of the dungeon, and saw 18 of its levels.

You collected 1621 gold pieces.
You spent 220 gold pieces at shops.

Inventory:

Hand Weapons
 r - the +7 demon whip of Division {flame, Dex+2}
   (You acquired it on level 1 of the Lair of Beasts)

   It has been specially enchanted to burn those struck by it, causing extra
   injury to most foes and up to half again as much damage against particularly
   susceptible opponents.
   It affects your dexterity (+2).
 Y - the +3 broad axe "Soraf" (weapon) {flame, Str+2}
   (You found it on level 6 of the Lair of Beasts)

   It has been specially enchanted to burn those struck by it, causing extra
   injury to most foes and up to half again as much damage against particularly
   susceptible opponents.
   Big, fiery blades are also staple armaments of hydra-hunters.
   It affects your strength (+2).
Missiles
 b - 13 tomahawks
 R - 6 javelins (quivered)
Armour
 a - a cursed +0 shield (worn)
 l - a +1 ring mail of magic resistance (worn)
 G - a cursed +1 cloak (worn)
 L - a +0 pair of gloves (worn)
 M - a +3 scale mail
 S - a cursed +1 pair of boots (worn)
Jewellery
 f - a ring of fire (left hand)
 H - the cursed ring "Deithur" (right hand) {rN++ MR+ Dex+2}
   (You took it off an orc on level 8 of the Dungeon)

   [ring of dexterity]

   It affects your dexterity (+2).
   It greatly protects you from negative energy.
   It affects your resistance to hostile enchantments.
   It has a curse placed upon it.
 I - a cursed +5 amulet of reflection (around neck)
 Q - an uncursed ring of flight
 T - a +2 ring of evasion
Wands
 k - a wand of polymorph (15)
 p - a wand of paralysis (10)
 z - a wand of enslavement (15)
 A - a wand of flame (33)
 K - a wand of iceblast (7)
 P - a wand of acid (4)
Scrolls
 c - a scroll of immolation
 e - 2 scrolls of teleportation
 h - 3 scrolls of amnesia
 i - 2 scrolls of remove curse
 n - a scroll of enchant weapon
 q - 5 scrolls of magic mapping
 s - 4 scrolls of enchant armour
 t - a scroll of noise
 F - a scroll of fear
 N - a scroll of holy word
 O - a scroll of identify
 U - a scroll of torment
Potions
 g - a potion of degeneration
 j - 4 potions of curing
 m - a potion of flight
 o - a potion of resistance
 u - 2 potions of brilliance
 v - a potion of magic
 w - a potion of might
 x - 2 potions of haste
 C - a potion of cancellation
 D - a potion of agility
 E - 3 potions of ambrosia
Books
 y - Mywyq Necw's Collected Works on Displacement and Beguiling
   (You found it on level 6 of the Dungeon)

   Spells                             Type                      Level
   a - Confusing Touch                Hexes                        1
   b - Apportation                    Translocation                1
   c - Shroud of Golubria             Charms/Translocation         2
   d - Force Lance                    Conjuration/Translocation    4
   e - Passage of Golubria            Translocation                4
   f - Discord                        Hexes                        8
 V - a book of Flames

   Spells                             Type                      Level
   a - Flame Tongue                   Conjuration/Fire             1
   b - Throw Flame                    Conjuration/Fire             2
   c - Conjure Flame                  Conjuration/Fire             3
   d - Inner Flame                    Hexes/Fire                   3
   e - Sticky Flame                   Conjuration/Fire             4
   f - Fireball                       Conjuration/Fire             5
 W - a book of Changes

   Spells                             Type                      Level
   a - Beastly Appendage              Transmutation                1
   b - Sticks to Snakes               Transmutation                2
   c - Spider Form                    Transmutation/Poison         3
   d - Ice Form                       Ice/Transmutation            4
   e - Blade Hands                    Transmutation                5
 X - the Almanac of the Blowfly
   (You found it on level 6 of the Lair of Beasts)

   Spells                             Type                      Level
   a - Throw Frost                    Conjuration/Ice              2
   b - Freezing Cloud                 Conjuration/Ice/Air          6
   c - Ozocubu's Refrigeration        Ice                          6
 Z - a book of the Earth

   Spells                             Type                      Level
   a - Leda's Liquefaction            Hexes/Earth                  4
   b - Bolt of Magma                  Conjuration/Fire/Earth       5
   c - Statue Form                    Transmutation/Earth          6
   d - Iron Shot                      Conjuration/Earth            6
   e - Shatter                        Earth                        9
Comestibles
 d - 30 rations


   Skills:
 + Level 11.2 Fighting
 + Level 9.3 Short Blades
 + Level 9.3 Long Blades
 + Level 11.2 Axes
 + Level 9.3 Maces & Flails
 + Level 9.7 Polearms
 + Level 9.3 Staves
 + Level 9.3 Slings
 + Level 9.3 Bows
 + Level 9.3 Crossbows
 + Level 9.3 Throwing
 + Level 9.7 Armour
 + Level 9.3 Dodging
 + Level 9.3 Stealth
 + Level 10.3(13.1) Shields
 + Level 9.3 Unarmed Combat
 + Level 9.3 Spellcasting
 + Level 7.8(10.8) Conjurations
 + Level 7.8(10.8) Hexes
 + Level 7.8(10.8) Charms
 + Level 7.8(10.8) Summonings
 + Level 7.8(10.8) Necromancy
 + Level 7.8(10.8) Translocations
 + Level 7.8(10.8) Transmutations
 + Level 7.8(10.8) Fire Magic
 + Level 7.8(10.8) Ice Magic
 + Level 7.8(10.8) Air Magic
 + Level 7.8(10.8) Earth Magic
 + Level 7.8(10.8) Poison Magic
 + Level 10.1 Invocations
 + Level 9.3(12.2) Evocations


You had 25 spell levels left.
You knew the following spells:

 Your Spells              Type           Power        Failure   Level  Hunger
a - Shroud of Golubria    Chrm/Tloc      #####.....   1%          2    None
b - Passage of Golubria   Tloc           N/A          1%          4    ###....


Dungeon Overview and Level Annotations

Branches:
Dungeon (10/15)            Temple (0/1) D:7            Lair (6/6) D:8
 Shoals (0/4) Lair:3       Spider (0/4) Lair:3        Slime (0/5) Lair:5
    Orc (2/2) D:9             Elf (0/3) Orc:2

Altars:
Ashenzari
Uskayaw
Yredelemnul
Jiyva

Shops:
D:6 =   D:7 !   D:8 }   Orc:2 (

Annotations:
Lair:1 exclusion: 2 oklob plants


Innate Abilities, Weirdness & Mutations

Your experience applies equally to all skills.
You have very sharp teeth.
Your uncanny sense of smell can sniff out nearby items.
Scrolls take you a little longer to read.
You are covered in fur. (AC +1)
You are resistant to electric shocks. (rElec)
Your muscles are strong. (Str +2)


Message History

The stone giant is heavily wounded.
The stone giant closely misses you.
You slash the stone giant! You burn the stone giant.
The stone giant is heavily wounded.
The cyclops throws a large rock.
The large rock barely misses you. The stone giant hits you!!!
* * * LOW HITPOINT WARNING * * *
Okay, then.
You feel much better.
The cyclops throws a large rock.
You reflect the large rock off an invisible shield around you!
The large rock hits the stone giant!!!
The stone giant hits you!
* * * LOW HITPOINT WARNING * * *
You fade into invisibility!
You block the stone giant's attack.
The cyclops throws a large rock.
The large rock misses you.
You are very lightly contaminated with residual magic.
You completely miss the stone giant.
The stone giant is almost dead.
The stone giant hits you!!
You die...

** *, ,,, , , * * * ,,,,* , *
...#.........>,,,,,,,,
$......P.....#.* ,, * *, ,
...............**** * , * ,,,
,..........8....,, *, , *,
,#......∩...P.. , ,,,, **,, ,
##......C..P..$ , , , *, ,,,
,*#......(C..PP... ,, ,, ,, ,
#......@.......#,* ,, * * ..
.#.....(.......# ,, , *,**
#.. #.......P.....# , * *
*....#............# * ,
,,..........(......# * * ,,
,.......(........## **#* ,
,,,,$...............###*##.##
, , ..................##....#
, , ,
.......................#***


You could see a stone giant and a cyclops.

Vanquished Creatures
  The ghost of troglodite the Protected, a journeyman DsBe of Trog (Orc:1)
  A fire dragon (Lair:6)
  Fannar (Orc:1)
  7 hydras
  Harold (Lair:1)
  A catoblepas (Lair:6)
  Erica (Lair:1)
  3 two-headed ogres
  A queen ant (Lair:2)
  8 death yaks
  Urug (Lair:3)
  Sonja (Lair:1)
  2 unseen horrors (D:10)
  A lindwurm (Lair:6)
  An oklob plant (Lair:6)
  A cyclops (Orc:2)
  4 black mambas (Lair:6)
  A torpor snail (Lair:6)
  2 molten gargoyles (Lair:6)
  8 spiny frogs
  14 komodo dragons
  2 rime drakes
  A polar bear (Lair:6)
  31 blink frogs
  4 hippogriffs
  7 dream sheep
  A tarantella (Lair:3)
  5 wyverns
  25 yaks
  Grum (D:7)
  2 basilisks (Lair:6)
  2 steam dragons (Lair:6)
  20 soldier ants (Lair:2)
  5 hell hounds (Lair:6)
  11 porcupines
  8 water moccasins
  2 black bears
  A hornet zombie (D:9)
  4 orc warriors
  9 ogres
  6 sky beasts
  3 phantoms
  A centaur (D:6)
  An eye of draining (D:9)
  18 wolves
  3 big kobolds (D:9)
  16 crocodiles
  11 bullfrogs
  A water moccasin zombie (D:9)
  A wyvern zombie (D:7)
  2 scorpions (D:8)
  18 killer bees
  2 wights (D:9)
  An electric eel (Lair:1)
  5 howler monkeys
  3 crimson imps
  5 lava snakes (Lair:6)
  5 hounds
  2 jellies
  8 orc wizards
  6 orc priests
  A centaur skeleton (D:7)
  3 iguanas
  22 worker ants
  3 hound skeletons
  2 worker ant zombies (D:9)
  A howler monkey zombie (D:7)
  13 gnolls
  9 adders
  A shadow imp (D:8)
  An adder zombie (D:8)
  3 adder skeletons
  2 worms
  A dart slug (D:2)
  9 leopard geckos
  28 orcs
  8 bats
  4 giant cockroaches
  13 hobgoblins
  11 jackals
  10 quokkas
  2 frilled lizards
  8 goblins
  7 kobolds
  3 rats
485 creatures vanquished.

Vanquished Creatures (others)
  4 fungi
  42 plants
46 creatures vanquished.

Grand Total: 531 creatures vanquished

Notes
Turn   | Place    | Note
-------+----------+-------------------------------------------
     0 | D:1      | manyhoops the Gnoll Wanderer began the quest for the Orb.
     0 | D:1      | manyhoops set off with: a +0 shield, a +0 ring mail, a +0 hand axe, a ration
     0 | D:1      | Reached XP level 1. HP: 23/23 MP: 1/1
   261 | D:1      | Reached XP level 2. HP: 29/29 MP: 2/2
   708 | D:2      | Reached XP level 3. HP: 29/35 MP: 3/3
   837 | D:2      | Reached skill level 1 in Invocations
  1045 | D:2      | Reached skill level 1 in Short Blades
  1045 | D:2      | Reached skill level 1 in Long Blades
  1045 | D:2      | Reached skill level 1 in Maces & Flails
  1045 | D:2      | Reached skill level 1 in Staves
  1045 | D:2      | Reached skill level 1 in Slings
  1045 | D:2      | Reached skill level 1 in Bows
  1045 | D:2      | Reached skill level 1 in Crossbows
  1045 | D:2      | Reached skill level 1 in Throwing
  1045 | D:2      | Reached skill level 1 in Dodging
  1045 | D:2      | Reached skill level 1 in Stealth
  1045 | D:2      | Reached skill level 1 in Unarmed Combat
  1045 | D:2      | Reached skill level 1 in Spellcasting
  1045 | D:2      | Reached skill level 1 in Evocations
  1045 | D:2      | Reached XP level 4. HP: 33/41 MP: 5/5
  1780 | D:3      | Reached skill level 1 in Conjurations
  1780 | D:3      | Reached skill level 1 in Hexes
  1780 | D:3      | Reached skill level 1 in Charms
  1780 | D:3      | Reached skill level 1 in Summonings
  1780 | D:3      | Reached skill level 1 in Necromancy
  1780 | D:3      | Reached skill level 1 in Translocations
  1780 | D:3      | Reached skill level 1 in Transmutations
  1780 | D:3      | Reached skill level 1 in Fire Magic
  1780 | D:3      | Reached skill level 1 in Ice Magic
  1780 | D:3      | Reached skill level 1 in Air Magic
  1780 | D:3      | Reached skill level 1 in Earth Magic
  1780 | D:3      | Reached skill level 1 in Poison Magic
  1862 | D:3      | Found a faded altar of an unknown god.
  1891 | D:3      | Became a worshipper of Ashenzari the Shackled
  1891 | D:3      | Reached * piety under Ashenzari
  2021 | D:3      | Reached XP level 5. HP: 47/47 MP: 5/7
  2474 | D:4      | Reached XP level 6. HP: 24/53 MP: 8/8
  3226 | D:5      | Entered Level 5 of the Dungeon
  3292 | D:5      | Reached skill level 5 in Shields
  3738 | D:5      | Reached XP level 7. HP: 34/59 MP: 10/10
  4182 | D:5      | Found a shattered altar of Ashenzari.
  4579 | D:6      | Reached ** piety under Ashenzari
  4991 | D:6      | Identified Mywyq Necw's Collected Works on Displacement and Beguiling
  5071 | D:6      | Reached XP level 8. HP: 55/67 MP: 12/12
  5281 | D:6      | Found Piablum's Jewellery Boutique.
  6163 | D:7      | Noticed a hippogriff
  6171 | D:7      | Killed a hippogriff
  6171 | D:7      | Reached XP level 9. HP: 29/72 MP: 14/14
  6490 | D:7      | Found Mefuseil's Distillery.
  6495 | D:7      | Bought a potion of might for 44 gold pieces
  6495 | D:7      | Bought a potion of lignification for 33 gold pieces
  6495 | D:7      | Bought a potion of mutation for 88 gold pieces
  6495 | D:7      | Bought a potion of heal wounds for 55 gold pieces
  6495 | D:7      | Gained mutation: You have a pair of small horns on your head. [potion of mutation]
  6495 | D:7      | Gained mutation: You are agile. (Dex +2) [potion of mutation]
  6496 | D:7      | Lost mutation: You have a pair of small horns on your head. [potion of mutation]
  6496 | D:7      | Lost mutation: You are agile. (Dex +2) [potion of mutation]
  6496 | D:7      | Gained mutation: Scrolls take you a little longer to read. [potion of mutation]
  6496 | D:7      | Gained mutation: Your muscles are strong. (Str +2) [potion of mutation]
  6496 | D:7      | Gained mutation: You are covered in fur. (AC +1) [potion of mutation]
  6496 | D:7      | Gained mutation: You are resistant to electric shocks. (rElec) [potion of mutation]
  6547 | D:7      | Found a staircase to the Ecumenical Temple.
  6649 | D:8      | Noticed Grum
  6988 | D:8      | Noticed a two-headed ogre
  7875 | D:7      | Killed Grum
  7875 | D:7      | Reached skill level 5 in Polearms
  7875 | D:7      | Reached skill level 5 in Armour
  8854 | D:8      | Reached skill level 5 in Invocations
  8890 | D:8      | Killed a two-headed ogre
  8890 | D:8      | Reached XP level 10. HP: 80/80 MP: 15/17
  9011 | D:8      | Found a staircase to the Lair.
  9025 | D:8      | HP: 4/120 [porcupine's spines (9)]
  9029 | D:8      | Reached skill level 5 in Short Blades
  9029 | D:8      | Reached skill level 5 in Long Blades
  9029 | D:8      | Reached skill level 5 in Maces & Flails
  9029 | D:8      | Reached skill level 5 in Staves
  9029 | D:8      | Reached skill level 5 in Slings
  9029 | D:8      | Reached skill level 5 in Bows
  9029 | D:8      | Reached skill level 5 in Crossbows
  9029 | D:8      | Reached skill level 5 in Throwing
  9029 | D:8      | Reached skill level 5 in Dodging
  9029 | D:8      | Reached skill level 5 in Stealth
  9029 | D:8      | Reached skill level 5 in Unarmed Combat
  9029 | D:8      | Reached skill level 5 in Spellcasting
  9029 | D:8      | Reached skill level 5 in Evocations
  9413 | D:8      | Found Cedwaff's Gadget Emporium.
  9792 | D:8      | Identified the ring "Deithur" {rN++ MR+ Dex+2} (You took it off an orc on level 8 of the Dungeon)
 10237 | D:9      | Learned a level 2 spell: Shroud of Golubria
 10269 | D:9      | Found a staircase to the Orcish Mines.
 10983 | D:9      | Noticed a three-headed hydra
 10991 | D:9      | Killed a one-headed hydra
 10991 | D:9      | Reached XP level 11. HP: 78/87 MP: 19/19
 11203 | D:9      | Noticed a two-headed ogre
 11218 | D:9      | Killed a two-headed ogre
 11613 | D:9      | Reached skill level 5 in Conjurations
 11613 | D:9      | Reached skill level 5 in Hexes
 11613 | D:9      | Reached skill level 5 in Charms
 11613 | D:9      | Reached skill level 5 in Summonings
 11613 | D:9      | Reached skill level 5 in Necromancy
 11613 | D:9      | Reached skill level 5 in Translocations
 11613 | D:9      | Reached skill level 5 in Transmutations
 11613 | D:9      | Reached skill level 5 in Fire Magic
 11613 | D:9      | Reached skill level 5 in Ice Magic
 11613 | D:9      | Reached skill level 5 in Air Magic
 11613 | D:9      | Reached skill level 5 in Earth Magic
 11613 | D:9      | Reached skill level 5 in Poison Magic
 11810 | D:10     | Entered Level 10 of the Dungeon
 11895 | D:10     | Noticed a two-headed ogre
 11915 | D:10     | Killed a two-headed ogre
 11919 | D:10     | Killed an unseen horror
 11934 | D:10     | Killed an unseen horror
 12676 | D:10     | Reached *** piety under Ashenzari
 12803 | Lair:1   | Entered Level 1 of the Lair of Beasts
 12826 | Lair:1   | Noticed Erica
 12843 | Lair:1   | Killed Erica
 12983 | Lair:1   | Noticed Sonja
 12995 | Lair:1   | Killed Sonja
 13294 | Lair:1   | Identified a scroll of acquirement
 13319 | Lair:1   | Noticed an oklob plant
 13472 | Lair:1   | Got the cursed demon whip of Division {flame, Dex+2}
 13473 | Lair:1   | Identified the cursed +7 demon whip of Division {flame, Dex+2} (You acquired it on level 1 of the Lair of Beasts)
 13490 | Lair:1   | Reached XP level 12. HP: 27/96 MP: 22/22
 13962 | Lair:1   | Noticed Harold
 14628 | Lair:1   | Killed Harold
 14941 | Lair:2   | Found a hide-covered altar of Uskayaw.
 15261 | Lair:2   | Reached **** piety under Ashenzari
 15315 | Lair:2   | Noticed a queen ant
 15339 | Lair:2   | Killed a queen ant
 15521 | Lair:3   | Noticed a four-headed hydra
 15528 | Lair:3   | Killed a four-headed hydra
 15555 | Lair:3   | Found a basalt altar of Yredelemnul.
 15583 | Lair:3   | Reached skill level 10 in Fighting
 15583 | Lair:3   | Reached skill level 10 in Axes
 15630 | Lair:3   | Found a hole to the Spider Nest.
 15729 | Lair:3   | Noticed Urug
 15739 | Lair:3   | Killed Urug
 15767 | Lair:3   | Found a staircase to the Shoals.
 16295 | Lair:4   | Noticed an eight-headed hydra
 16344 | Lair:4   | Reached ***** piety under Ashenzari
 16369 | Lair:4   | Killed an eight-headed hydra
 16562 | Lair:4   | Reached XP level 13. HP: 103/103 MP: 24/24
 16682 | Lair:4   | Learned a level 4 spell: Passage of Golubria
 18029 | Lair:5   | Found a viscous altar of Jiyva.
 18029 | Lair:5   | Found a staircase to the Slime Pits.
 18669 | Lair:6   | Entered Level 6 of the Lair of Beasts
 18992 | Lair:6   | Reached XP level 14. HP: 62/111 MP: 26/26
 19254 | Lair:6   | Reached skill level 10 in Shields
 19810 | Lair:6   | Identified the Almanac of the Blowfly
 20327 | Lair:6   | Reached skill level 10 in Invocations
 20644 | Lair:6   | Found a large runed door.
 20644 | Lair:6   | Found a large runed door.
 20938 | Lair:6   | Identified the +3 broad axe "Soraf" {flame, Str+2}
 21203 | Orc:1    | Entered Level 1 of the Orcish Mines
 21204 | Orc:1    | Noticed troglodite's ghost (journeyman DsBe)
 21214 | Orc:1    | Noticed Fannar
 21217 | Orc:1    | Killed troglodite's ghost
 21233 | Orc:1    | Killed Fannar
 21657 | Orc:1    | Reached ****** piety under Ashenzari
 21702 | Orc:2    | Entered Level 2 of the Orcish Mines
 21731 | Orc:2    | Found Istreudos's Antique Weapon Emporium.
 21732 | Orc:2    | Noticed a stone giant
 21735 | Orc:2    | Found a staircase to the Elven Halls.
 21740 | Orc:2    | HP: 1/113 [stone giant (37)]
 21743 | Orc:2    | Mangled by a stone giant

Skill      XL: |  1  2  3  4  5  6  7  8  9 10 11 12 13 14 |
---------------+-------------------------------------------+-----
Invocations    | 1 2 3 4 5 6 7 8 9 10 | 10.1
Short Blades   | 1 2 3 4 5 6 7 8 9 |  9.3
Long Blades    | 1 2 3 4 5 6 7 8 9 |  9.3
Maces & Flails | 1 2 3 4 5 6 7 8 9 |  9.3
Staves         | 1 2 3 4 5 6 7 8 9 |  9.3
Slings         | 1 2 3 4 5 6 7 8 9 |  9.3
Bows           | 1 2 3 4 5 6 7 8 9 |  9.3
Crossbows      | 1 2 3 4 5 6 7 8 9 |  9.3
Throwing       | 1 2 3 4 5 6 7 8 9 |  9.3
Dodging        | 1 2 3 4 5 6 7 8 9 |  9.3
Stealth        | 1 2 3 4 5 6 7 8 9 |  9.3
Unarmed Combat | 1 2 3 4 5 6 7 8 9 |  9.3
Spellcasting   | 1 2 3 4 5 6 7 8 9 |  9.3
Evocations     | 1 2 3 4 5 6 7 8 9 |  9.3
Conjurations   | 1 2 3 4 5 6 7 |  7.8
Hexes          | 1 2 3 4 5 6 7 |  7.8
Charms         | 1 2 3 4 5 6 7 |  7.8
Summonings     | 1 2 3 4 5 6 7 |  7.8
Necromancy     | 1 2 3 4 5 6 7 |  7.8
Translocations | 1 2 3 4 5 6 7 |  7.8
Transmutations | 1 2 3 4 5 6 7 |  7.8
Fire Magic     | 1 2 3 4 5 6 7 |  7.8
Ice Magic      | 1 2 3 4 5 6 7 |  7.8
Air Magic      | 1 2 3 4 5 6 7 |  7.8
Earth Magic    | 1 2 3 4 5 6 7 |  7.8
Poison Magic   | 1 2 3 4 5 6 7 |  7.8
Polearms       | 3 4 5 6 7 8 9 |  9.7
Armour         | 3 4 5 6 7 8 9 |  9.7
Shields        | 5 6 7 8 9 10 | 10.3
Fighting       | 7 8 9 10 11 | 11.2
Axes           | 7 8 9 10 11 | 11.2

Action                   |  1- 3 |  4- 6 |  7- 9 | 10-12 | 13-15 || total
-------------------------+-------+-------+-------+-------+-------++-------
Melee: Hand axe          |   100 |   222 |   420 |   420 |       ||  1162
       Bite              |     4 |    21 |    42 |    73 |    86 ||   226
       Scimitar          |       |       |       |    27 |       ||    27
       Demon whip        |       |       |       |   213 |   515 ||   728
       Broad axe         |       |       |       |       |    43 ||    43
Throw: Tomahawk          |       |     5 |    33 |    47 |    30 ||   115
       Throwing net      |       |       |       |     2 |     1 ||     3
       Javelin           |       |       |       |       |    20 ||    20
 Cast: Shroud of Golubri |       |       |       |     3 |     3 ||     6
Invok: Curse Item        |       |     1 |     1 |     4 |       ||     6
       Scrying           |       |     1 |       |     2 |     1 ||     4
Evoke: Wand              |       |       |     4 |     7 |    16 ||    27
  Use: Scroll            |     1 |     3 |     6 |    14 |     4 ||    28
       Potion            |       |       |     7 |     9 |     4 ||    20
 Stab: Sleeping          |       |       |       |    10 |     2 ||    12
       Distracted        |       |       |       |     2 |     2 ||     4
       Paralysed         |       |       |       |    12 |       ||    12
       Held in net/web   |       |       |       |       |     1 ||     1
  Eat: Chunk             |       |     9 |    24 |    12 |     5 ||    50
       Ration            |       |       |       |     2 |     3 ||     5
Armor: Ring mail         |    28 |    56 |    86 |   136 |    34 ||   340
       Skin              |       |       |    33 |    35 |     8 ||    76
       Scale mail        |       |       |       |       |    35 ||    35
Dodge: Dodged            |    27 |    52 |   181 |   187 |   133 ||   580
Block: Shield            |    48 |   113 |   246 |   388 |   303 ||  1098
       Reflection        |       |       |       |     6 |    13 ||    19
       Rpst.: Scimitar   |       |       |       |     2 |       ||     2
